 Dungeon Crawl Stone Soup version 0.23.1 (webtiles) character file.

Game seed: 14871513823059629828

8938 Xenon25 the Brawler (level 11, -8/145 HPs)
             Began as a Troll Berserker on Mar 13, 2019.
             Was a High Priest of Trog.
             Mangled by a death yak (12 damage)
             ... on level 10 of the Dungeon.
             The game lasted 00:22:14 (8810 turns).

Xenon25 the Brawler (Troll Berserker)               Turns: 8810, Time: 00:22:15

Health: -8/145     AC:  7    Str: 35    XL:     11   Next: 16%
Magic:  10/10      EV: 11    Int:  3    God:    Trog [*****.]
Gold:   617        SH:  0    Dex:  9    Spells: 10/10 levels left

rFire    . . .     SeeInvis .     - Unarmed
rCold    . . .     Gourm    +   (no shield)
rNeg     + . .     Faith    .   M - +0 robe
rPois    +         Spirit   .   (helmet restricted)
rElec    .         Reflect  .   E - +0 cloak
rCorr    .         Harm     .   (gloves unavailable)
MR       .....                  (boots unavailable)
Stlth    ..........             l - amulet of the acrobat
HPRegen  0.74/turn              h - ring of poison resistance
MPRegen  0.12/turn              g - ring of positive energy

@: berserking, very quick
A: large, unfitting armour, claws 3, fast metabolism 3, gourmand, regeneration
1, shaggy fur 1, tough skin 3
a: Berserk, Trog's Hand, Brothers in Arms, Renounce Religion


You were on level 10 of the Dungeon.
You worshipped Trog.
Trog was extremely pleased with you.
You were hungry.

You visited 1 branch of the dungeon, and saw 10 of its levels.

You collected 617 gold pieces.

Inventory:

Armour
 E - a +0 cloak (worn)
 M - a +0 robe (worn)
Jewellery
 g - a ring of positive energy (right claw)
 h - a ring of poison resistance (left claw)
 l - an amulet of the acrobat (around neck)
Wands
 s - a wand of flame (14)
 w - a wand of paralysis (18)
 J - a wand of polymorph (13)
Scrolls
 d - 6 scrolls of teleportation
 p - a scroll of random uselessness {unknown}
 t - a scroll of noise {unknown}
 u - a scroll of blinking {unknown}
 x - 4 scrolls of fear
 A - 2 scrolls of enchant armour {unknown}
 B - 2 scrolls of remove curse
 C - 2 scrolls of immolation {unknown}
 D - a scroll of enchant weapon {unknown}
 G - 2 scrolls of magic mapping
 K - a scroll of holy word {unknown}
Potions
 c - 3 potions of invisibility {unknown}
 f - 6 potions of curing
 i - a potion of haste {unknown}
 m - 3 potions of heal wounds {unknown}
 o - 3 potions of brilliance {unknown}
 q - 2 potions of berserk rage {unknown}
 z - a potion of flight {unknown}
 I - a potion of resistance {unknown}
Comestibles
 b - 18 rations


   Skills:
 * Level 3.4 Fighting
 * Level 3.8 Dodging
 - Level 2.2 Stealth
 + Level 15.6 Unarmed Combat


You had 10 spell levels left.
You didn't know any spells.
Your spell library was empty.

Dungeon Overview and Level Annotations

Branches:
Dungeon (10/15)            Temple (0/1) D:7            Lair (0/6) D:10
    Orc: D:9-12

Altars:
Cheibriados
Fedhas
Gozag
Sif Muna
Trog
Vehumet
Xom
Yredelemnul
Zin

Shops:
D:9 :

Annotations:
D:9 3 runed translucent doors, Paps's ghost, novice OpBe


Innate Abilities, Weirdness & Mutations

You are too large for most types of armour.
You have claws for hands.
Your metabolism is lightning-fast.
You like to eat raw meat.
Your natural rate of healing is unusually fast.
You are covered in fur. (AC +1)
You have extremely tough skin. (AC +3)


Message History

You are too injured to fight recklessly!
You are too injured to fight recklessly!
You are too injured to fight recklessly!
You are too injured to fight recklessly!
You are too injured to fight recklessly!
You are too injured to fight recklessly!
You are too injured to fight recklessly!
You claw the death yak! x2
You kill the death yak!
Trog accepts your kill. The death yak gores you. The death yak gores you!
* * * LOW HITPOINT WARNING * * *
You barely miss the death yak. The death yak gores you!
* * * LOW HITPOINT WARNING * * *
You mangle the death yak!!
The death yak is moderately wounded.
The death yak gores you!!
* * * LOW HITPOINT WARNING * * *
The death yak gores you!
You die...

####.......####
...............
.........!.....
.#............#
..............#
#.............#
........YY.....#
>.....#.>@Y#....#
.>........#.....#
#..........##..##
#...........#....
#######+##...............
....(..(.........#.......
.).).............#.......
..((.............#.......
.()).............#.......


You could see 3 death yaks.

Vanquished Creatures
  A two-headed ogre (D:8)
  2 death yaks (D:10)
  An unseen horror (D:6)
  Psyche (D:10)
  A troll (D:10)
  Grinder (D:3)
  6 yaks (D:9)
  Sigmund (D:4)
  A hungry ghost (D:10)
  Eustachio (D:4)
  A wyvern (D:9)
  Menkaure (D:6)
  Edmund (D:5)
  An ice beast (D:6)
  An orc warrior (D:9)
  2 phantoms
  4 black bears
  An ogre (D:7)
  2 centaurs
  7 big kobolds
  A bullfrog (D:7)
  6 scorpions
  6 killer bees (D:7)
  11 wights
  5 howler monkeys
  A vampire bat (D:5)
  A crimson imp (D:8)
  A centaur zombie (D:9)
  A quasit (D:8)
  2 hounds
  A centaur skeleton (D:7)
  5 orc priests
  3 bullfrog skeletons
  5 orc wizards
  Crazy Yiuf (D:6)
  A gnoll shaman (D:6)
  4 iguanas
  7 worker ants
  A killer bee zombie (D:8)
  A hound skeleton (D:9)
  A howler monkey zombie (D:6)
  16 gnolls
  15 adders
  An ooze (D:1)
  An adder skeleton (D:6)
  3 worms
  2 dart slugs (D:1)
  3 fire bats (D:5)
  3 leopard geckos
  30 orcs
  2 spectral bats (D:5)
  15 bats
  3 bat skeletons (D:5)
  A bat zombie (D:5)
  6 giant cockroaches
  8 goblins
  7 hobgoblins
  11 jackals
  46 kobolds
  7 quokkas
  A ball python skeleton (D:5)
  A bat simulacrum (D:5)
  4 frilled lizards
  A leopard gecko skeleton (D:5)
  5 rats
  2 fungi (D:6)
296 creatures vanquished.

Notes
Turn   | Place    | Note
-------+----------+-------------------------------------------
     0 | D:1      | Xenon25 the Troll Berserker began the quest for the Orb.
     0 | D:1      | Reached XP level 1. HP: 22/22 MP: 0/0
    36 | D:1      | Reached XP level 2. HP: 29/29 MP: 1/1
   132 | D:1      | Reached skill level 4 in Unarmed Combat
   256 | D:1      | Reached XP level 3. HP: 36/36 MP: 2/2
   628 | D:2      | Reached ** piety under Trog
   695 | D:2      | Reached XP level 4. HP: 42/44 MP: 3/3
  1009 | D:2      | Reached skill level 5 in Unarmed Combat
  1439 | D:3      | Noticed Grinder
  1452 | D:3      | Reached XP level 5. HP: 21/50 MP: 4/4
  1492 | D:3      | Killed Grinder
  1492 | D:3      | Reached skill level 7 in Unarmed Combat
  1492 | D:3      | Reached XP level 6. HP: 26/59 MP: 5/5
  1933 | D:4      | Noticed Sigmund
  1957 | D:4      | Killed Sigmund
  1957 | D:4      | Reached skill level 8 in Unarmed Combat
  1957 | D:4      | Reached XP level 7. HP: 26/66 MP: 6/6
  2127 | D:4      | Noticed Eustachio
  2143 | D:4      | Killed Eustachio
  2155 | D:4      | Found an opulent altar of Gozag.
  2217 | D:4      | Reached skill level 1 in Stealth
  2505 | D:4      | Reached skill level 9 in Unarmed Combat
  2909 | D:5      | Entered Level 5 of the Dungeon
  2989 | D:5      | Found a deep blue altar of Sif Muna.
  3249 | D:5      | Reached *** piety under Trog
  3340 | D:5      | Reached XP level 8. HP: 67/74 MP: 7/7
  3352 | D:5      | Reached skill level 10 in Unarmed Combat
  3478 | D:5      | Noticed Edmund
  3494 | D:5      | Killed Edmund
  3535 | D:5      | Reached **** piety under Trog
  3753 | D:5      | Reached skill level 11 in Unarmed Combat
  4796 | D:6      | Killed an unseen horror
  4796 | D:6      | Reached skill level 12 in Unarmed Combat
  4796 | D:6      | Reached XP level 9. HP: 69/80 MP: 8/8
  4851 | D:6      | Found a bloodstained altar of Trog.
  5037 | D:6      | Noticed Menkaure
  5041 | D:6      | Killed Menkaure
  5139 | D:6      | Reached skill level 13 in Unarmed Combat
  5676 | D:6      | Found a runed translucent door.
  5677 | D:6      | Noticed Crazy Yiuf
  5682 | D:6      | Killed Crazy Yiuf
  5987 | D:7      | Found a staircase to the Ecumenical Temple.
  6318 | D:7      | Reached XP level 10. HP: 62/88 MP: 9/9
  6479 | D:7      | Found a radiant altar of Vehumet.
  6491 | D:7      | Found a shimmering altar of Xom.
  6491 | D:7      | Found a basalt altar of Yredelemnul.
  6496 | D:7      | Found a blossoming altar of Fedhas.
  6498 | D:7      | Found a faded altar of an unknown god.
  6499 | D:7      | Found a snail-covered altar of Cheibriados.
  6689 | D:8      | Noticed a two-headed ogre
  6698 | D:8      | Killed a two-headed ogre
  6698 | D:8      | Reached skill level 14 in Unarmed Combat
  7080 | D:8      | Found a glowing silver altar of Zin.
  7508 | D:9      | Reached ***** piety under Trog
  8017 | D:9      | Reached skill level 15 in Unarmed Combat
  8180 | D:9      | Found Yfougruw's Book Shoppe.
  8234 | D:9      | Received a gift from Trog
  8320 | D:9      | Found a runed translucent gate.
  8320 | D:9      | Found a runed translucent gate.
  8320 | D:9      | Found a runed translucent gate.
  8322 | D:9      | Noticed Paps's ghost (novice OpBe)
  8472 | D:10     | Entered Level 10 of the Dungeon
  8656 | D:10     | Noticed Psyche
  8662 | D:10     | Killed Psyche
  8768 | D:10     | Reached XP level 11. HP: 97/97 MP: 10/10
  8793 | D:10     | Found a staircase to the Lair.
  8796 | D:10     | Noticed a death yak
  8797 | D:10     | Noticed a death yak
  8797 | D:10     | Noticed a death yak
  8797 | D:10     | Noticed a death yak
  8798 | D:10     | Noticed a death yak
  8805 | D:10     | Killed a death yak
  8808 | D:10     | Killed a death yak
  8810 | D:10     | HP: 4/145 [death yak (25)]
  8810 | D:10     | Mangled by a death yak

Skill      XL: |  1  2  3  4  5  6  7  8  9 10 |
---------------+-------------------------------+-----
Unarmed Combat | 4 5 7 8 9 12 13 15 | 15.6
Stealth        | 1 2 |  2.2
Dodging        | 3 |  3.8
Fighting       | 3 |  3.4

Action                   |  1- 3 |  4- 6 |  7- 9 | 10-12 || total
-------------------------+-------+-------+-------+-------++-------
Melee: Unarmed           |    86 |    71 |   406 |   190 ||   753
       Punch             |     1 |     3 |     9 |    10 ||    23
Invok: Berserk           |       |     1 |     9 |     9 ||    19
       Trog's Hand       |       |     1 |     9 |     3 ||    13
  Use: Scroll            |       |       |       |     8 ||     8
  Eat: Chunk             |     4 |     3 |    50 |    28 ||    85
       Ration            |       |     3 |     2 |       ||     5
Armor: Animal skin       |    32 |    16 |       |       ||    48
       Robe              |       |       |   193 |    41 ||   234
Dodge: Dodged            |    53 |    41 |   342 |   109 ||   545
